 Dungeon Crawl Stone Soup version 0.31.0-12-g77e489cdc1 (webtiles) character file.

Game seed: 16380931431738226921

150 Gadfly the Apothecary (level 5, -2/29 HPs)
             Began as a Deep Elf Alchemist on Feb 22, 2024.
             Slain by a gnoll
             ... wielding a +0 halberd
             ... led by a gnoll bouda
              (7 damage)
             ... on level 3 of the Dungeon.
             The game lasted 00:02:59 (2540 turns).

Gadfly the Apothecary (Deep Elf Alchemist)          Turns: 2540, Time: 00:03:00

Health: -2/29      AC:  6    Str:  5    XL:     5   Next: 10%
Magic:  7/12       EV: 13    Int: 22    God:
Gold:   53         SH:  0    Dex: 15    Spells: 0/11 levels left

rFire   . . .        b - +2 dagger (venom)
rCold   . . .        (no shield)
rNeg    . . .        h - +2 robe {Will+}
rPois   .            d - +2 hat
rElec   .            (no cloak)
rCorr   .            (no gloves)
SInv    .            (no boots)
Will    +....        (no amulet)
Stlth   ++           (no ring)
HPRegen 0.24/turn    (no ring)
MPRegen 0.13/turn

%: no passive effects
@: no status effects
A: no striking features
a: no special abilities


You were on level 3 of the Dungeon.
You visited 1 branch of the dungeon, and saw 3 of its levels.

You collected 53 gold pieces.

Inventory:

Hand Weapons
 a - a +1 short sword of protection
 b - a +2 dagger of venom (weapon)
Armour
 d - a +2 hat (worn)
 h - a +2 robe of willpower (worn)
Scrolls
 j - a scroll of acquirement {unknown}
Potions
 c - 2 potions of lignification
 e - a potion of heal wounds
 f - 2 potions of magic
 g - a potion of curing {unknown}
 i - a potion of invisibility


   Skills:
 + Level 1.3 Fighting
 + Level 3.4 Dodging
 - Level 2.4 Stealth
 + Level 3.9 Spellcasting
 + Level 2.2 Conjurations
 + Level 4.0 Alchemy
 + Level 1.9 Evocations


You couldn't memorise any spells.
You knew the following spells:

 Your Spells              Type           Power      Damage    Failure   Level
a - Sting                 Conj/Alch      72%        1d7       3%          1
b - Mercury Vapours       Alch/Air       26%        N/A       8%          2
c - Olgreb's Toxic Radia  Alch           22%        N/A       22%         4
d - Sticky Flame          Fire/Alch      13%        2d5       43%         4

Your spell library contained the following spells:

 Spells                   Type           Power      Damage    Failure   Level
 Mephitic Cloud           Conj/Alch/Air  13%        N/A       14%         3
 Stone Arrow              Conj/Erth      18%        3d8       22%         3
 Passwall                 Erth           4%         N/A       34%         3
 Malign Gateway           Summ/Tloc      2%         N/A       100%        7


Dungeon Overview and Level Annotations

Branches:
Dungeon (3/15)

Altars:


Message History

Sigmund the Dreaded comes into view.
He is wielding a +0 scythe.
Sigmund is nearby!
Sigmund is nearby!
Sigmund is nearby!
Found a ring mail.
A gnoll comes into view. It is wielding a +0 club.
The sting hits Sigmund.
Sigmund is poisoned.
Sigmund is lightly wounded.
Sigmund shouts!
The gnoll shouts!
You hear a shout! x3
You hear an angry hiss.
A gnoll comes into view. It is wielding a +0 halberd.
A gnoll comes into view. It is wielding a +0 flail.
The sting hits Sigmund.
Sigmund looks even sicker.
Sigmund is heavily wounded.
Sigmund gestures at you while chanting. You resist with almost no effort.
The sting misses Sigmund.
Sigmund hits you from afar with a +0 scythe.
A gnoll comes into view. It is wielding a +0 spear.
The sting hits Sigmund.
Sigmund looks even sicker.
Sigmund is severely wounded.
The gnoll shouts!
A ball python comes into view.
The sting hits Sigmund.
Sigmund looks as sick as possible!
Sigmund is severely wounded.
Sigmund hits you from afar with a +0 scythe.
A gnoll comes into view. It is wielding a +0 flail.
The sting hits the gnoll.
The gnoll is poisoned.
The gnoll is moderately wounded.
Sigmund hits you from afar with a +0 scythe!
The gnoll hits you with a +0 club.
A gnoll bouda comes into view. It is wielding a +0 club.
Unknown command.
The gnoll attacks as it pursues you!
The gnoll hits you from afar with a +0 halberd!
* * * LOW HITPOINT WARNING * * *
You kill Sigmund!
The gnoll attacks as it pursues you!
The gnoll hits you from afar with a +0 halberd!
You die...

##.#...#.#
##........#
......#.###
.#....#.# #
#......#####.#
...#..........#.
#.###........ #.
##.####### .
#.@####### #
#.g......##
#.g...PP..#
#.....).....
#.gg..S.....
#...........
#..P.P.P.....
#..gP........
#.[.....P.g..


You could see 5 gnolls and a ball python.

Vanquished Creatures
  Sigmund (D:3)
  A hound (D:3)
  Jessica (D:2)
  4 adders (D:2)
  A dart slug (D:3)
  A ribbon worm (D:2)
  4 ball pythons (D:2)
  6 bats
  4 endoplasms
  A giant cockroach (D:2)
  5 hobgoblins
  8 jackals (D:1)
  6 kobolds
  3 quokkas
  A goblin (D:1)
  5 rats
52 creatures vanquished.

Notes
Turn   | Place    | Note
-------+----------+-------------------------------------------
     0 | D:1      | Gadfly the Deep Elf Alchemist began the quest for the Orb.
     0 | D:1      | Reached XP level 1. HP: 10/10 MP: 6/6
   140 | D:1      | Reached XP level 2. HP: 5/15 MP: 1/8
   143 | D:1      | Learned a level 2 spell: Mercury Vapours
   315 | D:1      | Reached skill level 1 in Evocations
   623 | D:1      | Reached XP level 3. HP: 19/20 MP: 9/9
  1451 | D:2      | Got Gout's Spellbook of Talus and Elsewhere
  1489 | D:2      | Reached skill level 1 in Fighting
  1613 | D:2      | Noticed Jessica
  1621 | D:2      | Killed Jessica
  1622 | D:2      | Reached XP level 4. HP: 22/25 MP: 7/11
  2345 | D:2      | Learned a level 4 spell: Olgreb's Toxic Radiance
  2418 | D:3      | Reached skill level 4 in Alchemy
  2418 | D:3      | Reached XP level 5. HP: 19/29 MP: 8/12
  2423 | D:3      | Learned a level 4 spell: Sticky Flame
  2530 | D:3      | Noticed Sigmund
  2540 | D:3      | Killed Sigmund
  2540 | D:3      | Slain by a gnoll

Illustrated notes

Levels and vault maps discovered:
D:1:      evilmike_arrival_home_sweet_home, layout_basic
D:2:      layout_basic, feat_on_display, uniq_jessica
D:3:      layout_loops_cross, amethyst_killhole, nicolae_grassy_gnolls,
          uniq_robin, uniq_sigmund

Skill      XL: |  1  2  3  4 |
---------------+-------------+-----
Evocations     | 1 |  1.9
Fighting       | 1 |  1.3
Dodging        | 3 |  3.4
Conjurations   | 2 |  2.2
Alchemy        | 4 |  4.0
Stealth        | |  2.4
Spellcasting   | |  3.9

Action                     |  1- 3 |  4- 6 || total
---------------------------+-------+-------++-------
  Melee: Spear             |    25 |       ||    25
         Short sword       |    21 |     1 ||    22
         Dagger            |       |    19 ||    19
   Cast: Sting             |    63 |    26 ||    89
         Mercury Vapours   |     1 |       ||     1
    Use: Scroll            |     3 |     1 ||     4
         Potion            |       |     1 ||     1
   Stab: Sleeping          |     2 |       ||     2
 Armour: Robe              |    42 |    33 ||    75
  Dodge: Dodged            |    66 |    14 ||    80
